cohdb
Replays
Latest Replays
All Replays
Popular Replays
Top Player Replays
Match Explorer
How It Works
Community
CoH3 Stats
Reddit
Sign in to upload your games and track your stats! →
Sign in with Steam
Match 45839772
Unlisted
Match 45839772
Overview
Messages
Build Orders
End
Selects Air and Sea Battlegroup
Construct Section Command Post
Vickers Machine Gun Team
Infantry Section
Infantry Section
Infantry Section
Construct Platoon Command Post
Grenade Package
Selects Commando Section Paradrop
Unlock M3 Stuart Light Tanks
Selects Commando Support Section Paradrop
Commando Support Section Paradrop
M3 Stuart Light Tank
Light Vehicle Training
Infantry Training
Selects Supply Surplus
Selects UNKNOWN (223837)
Commando Section Paradrop
Construct Company Command Post
Armored Vehicle Training
Selects Anti-tank Rocket Loiter
Crusader II Medium Tank
Gabe_Real
Engooeer
Brick_man
*****
Cyber Strategic Hans Landa BOB
Jhalmar Island
Adepta Ministorum
Bombardilo Crocodilo
0
0
Comments
sign in to comment!
No comments posted yet!